 Dungeon Crawl Stone Soup version 0.23-a0-619-g281719c (webtiles) character file.

1680 Viktor the Geomancer (level 9, -9/91 HPs)
             Began as a Formicid Earth Elementalist on Dec 22, 2018.
             Was a Follower of Okawaru.
             Mangled by Harold
             ... wielding a +0 long sword of electrocution
              (17 damage)
             ... on level 7 of the Dungeon.
             The game lasted 00:22:57 (8582 turns).

Viktor the Geomancer (Formicid Earth Elementalist)  Turns: 8582, Time: 00:22:59

Health: -9/91      AC: 24    Str: 16    XL:     9   Next: 21%
Magic:  17/17      EV:  2    Int: 15    God:    Okawaru [*.....]
Gold:   317        SH:  0    Dex: 11    Spells: 15/21 levels left

rFire    . . .     SeeInvis .   j - +5 quarterstaff (chaos)
rCold    + . .     Gourm    .   (no shield)
rNeg     + + +     Faith    .   (armour currently unavailable)
rPois    +         Spirit   .   (helmet unavailable)
rElec    .         Reflect  .   (cloak currently unavailable)
rCorr    .         Harm     .   (gloves currently unavailable)
MR       .....                  (boots currently unavailable)
Stlth    ++........             (no amulet)
HPRegen  0.25/turn              g - ring of protection from cold
MPRegen  0.15/turn              (no ring)

@: tree-form
A: permanent stasis, dig shafts and tunnels, four strong arms, low mp 1, subdued
magic 1
a: Heroism, Renounce Religion


You were on level 7 of the Dungeon.
You worshipped Okawaru.
Okawaru was aware of your devotion.
You were not hungry.
You were a tree.
You visited 2 branches of the dungeon, and saw 8 of its levels.

You collected 317 gold pieces.

Inventory:

Hand Weapons
 e - a +0 club
 j - a +5 quarterstaff of chaos (weapon)
 p - a +1 mace
 r - a -3 quarterstaff
 t - a +4 flail of protection
Missiles
 b - 29 stones (quivered)
Armour
 m - a +1 robe of magic resistance (melded)
 u - a +0 cloak (melded)
Jewellery
 g - a ring of protection from cold (left branch)
 n - an uncursed ring of ice
Wands
 s - a wand of flame (11)
 v - a wand of scattershot (6)
Scrolls
 h - 2 scrolls of teleportation
 y - a scroll of silence {unknown}
Potions
 a - 4 potions of haste
 i - 2 potions of cancellation
 k - a potion of invisibility {unknown}
 l - a potion of lignification
 o - a potion of might {unknown}
 q - a potion of brilliance {unknown}
 w - a potion of ambrosia {unknown}
 x - a potion of resistance {unknown}
Comestibles
 d - 10 rations
 z - 2 chunks of flesh


   Skills:
 - Level 2.2 Fighting
 - Level 0.9(1.1) Maces & Flails
 - Level 0.9(1.1) Staves
 * Level 4.4 Armour
 - Level 1.7 Dodging
 - Level 2.4 Stealth
 + Level 6.6 Spellcasting
 * Level 3.6 Conjurations
 + Level 1.1 Transmutations
 + Level 8.3 Earth Magic


You had 15 spell levels left.
You knew the following spells:

 Your Spells              Type           Power        Failure   Level  Hunger
a - Sandblast             Erth           ###...       1%          1    None
b - Passwall              Tmut/Erth      ##......     2%          2    #......
c - Stone Arrow           Conj/Erth      ###...       2%          3    ##.....

Your spell library contained the following spells:

 Spells                   Type           Power        Failure   Level  Hunger
 Lee's Rapid Deconstruct  Erth           ###.......   11%         5    ######.
 Corona                   Hex            #......      12%         1    None
 Dazzling Spray           Conj/Hex       #.....       16%         3    ##.....
 Petrify                  Tmut/Erth      ##......     17%         4    ####...
 Ensorcelled Hibernation  Hex/Ice        #.....       19%         2    #......
 Confuse                  Hex            #.......     34%         3    ##.....
 Tukima's Dance           Hex            #.......     34%         3    ##.....


Dungeon Overview and Level Annotations

Branches:
Dungeon (7/15)             Temple (1/1) D:5

Altars:
Cheibriados
Dithmenos
Elyvilon
Gozag
Hepliaklqana
Nemelex Xobeh
Okawaru
Qazlal
Ru
Trog
Uskayaw
Vehumet
Wu Jian
Xom
Zin
The Shining One

Annotations:
D:4 Dowan, Duvessa
D:7 Harold


Innate Abilities, Weirdness & Mutations

You cannot be hasted, slowed, berserked, paralysed or teleported.
You can dig through walls and to a lower floor.
Your four strong arms can wield two-handed weapons with a shield.
((You have a pair of large antennae on your head. (SInv)))
((You are partially covered in slimy green scales. (AC +2)))
((Your flesh is heat resistant. (rF+)))
Your magical capacity is low. (-10% MP)
Your spells are a little easier to cast, but a little less powerful.


Message History

You hit the crimson imp but do no damage.
The crimson imp is moderately wounded.
Harold hits you with a +0 long sword of electrocution.
* * * LOW HITPOINT WARNING * * *
You turn into a tree.
Your +0 cloak melds into your body.
Your +1 robe of magic resistance melds into your body.
You feel less resistant to hostile enchantments.
Your roots penetrate the ground.
Harold hits you but does no damage.
You are electrocuted!
* * * LOW HITPOINT WARNING * * *
Evoke which item? (* to show all) (? for menu, Esc to quit)
Aiming: Scattershot
Press: ? - help, Shift-Dir - straight line, f - Harold
Aim: Harold, wielding a +0 long sword of electrocution and wearing a cursed +0 The burst of metal fragments hits Harold. x4
Harold is lightly wounded.
Harold hits you with a +0 long sword of electrocution.
* * * LOW HITPOINT WARNING * * *
You are electrocuted!
You die...

.... .... ###.
.............
..##..........
#......[......
#.##..........
#######.##..........
#.....5♣@...........
...######%#..........
#............
####..##.#..
................
..#######.......
....... .......
.......


You could see Harold and a crimson imp (petrified).

Vanquished Creatures
  Prince Ribbit (D:5)
  Sigmund (D:5)
  Eustachio (D:5)
  A phantom (D:6)
  A sky beast (D:6)
  An ogre (D:6)
  A centaur (D:5)
  Blork the orc (D:6)
  A howler monkey (D:4)
  2 crimson imps
  A bullfrog zombie (D:6)
  2 orc priests
  Crazy Yiuf (D:3)
  3 bullfrog skeletons
  2 centaur skeletons
  Jessica (D:2)
  2 orc wizards
  4 worker ants
  Terence (D:3)
  2 howler monkey skeletons
  9 adders
  2 shadow imps (D:5)
  An ooze (D:1)
  A worm (D:2)
  2 dart slugs
  6 leopard geckos
  10 orcs
  2 ball pythons
  15 bats
  A giant cockroach (D:2)
  9 goblins
  6 hobgoblins
  9 jackals
  2 quokkas
  8 frilled lizards
  8 kobolds
  9 rats
130 creatures vanquished.

Notes
Turn   | Place    | Note
-------+----------+-------------------------------------------
     0 | D:1      | Viktor the Formicid Earth Elementalist began the quest for
                  | the Orb.
     0 | D:1      | Reached XP level 1. HP: 13/13 MP: 3/3
   191 | D:1      | Reached skill level 4 in Earth Magic
   231 | D:1      | Reached XP level 2. HP: 19/19 MP: 3/5
   257 | D:1      | Learned a level 2 spell: Passwall
   998 | D:1      | Reached XP level 3. HP: 22/24 MP: 4/6
  1577 | D:2      | Noticed Jessica
  1795 | D:2      | Reached skill level 1 in Armour
  1795 | D:2      | Reached XP level 4. HP: 31/31 MP: 5/7
  1803 | D:2      | Killed Jessica
  1803 | D:2      | Reached skill level 1 in Fighting
  1855 | D:2      | Learned a level 3 spell: Stone Arrow
  1935 | D:2      | Reached XP level 5. HP: 37/37 MP: 6/9
  2338 | D:2      | Reached skill level 5 in Earth Magic
  2894 | D:3      | Reached skill level 1 in Conjurations
  3025 | D:3      | Found a faded altar of an unknown god.
  3827 | D:3      | Found a runed door.
  3974 | D:3      | Gained mutation: Your spells are a little easier to cast,
                  | but a little less powerful. [potion of mutation]
  3974 | D:3      | Gained mutation: You are partially covered in slimy green
                  | scales. (AC +2) [potion of mutation]
  3974 | D:3      | Gained mutation: Your magical capacity is low. (-10% MP)
                  | [potion of mutation]
  3974 | D:3      | Gained mutation: Your flesh is heat resistant. (rF+)
                  | [potion of mutation]
  3995 | D:3      | Noticed Terence
  4036 | D:3      | Killed Terence
  4036 | D:3      | Reached XP level 6. HP: 33/43 MP: 4/9
  4212 | D:3      | Noticed Crazy Yiuf
  4218 | D:3      | Killed Crazy Yiuf
  4686 | D:4      | HP: 3/66 [poisoned by a worker ant]
  5059 | D:4      | Reached XP level 7. HP: 43/50 MP: 6/11
  5255 | D:4      | Noticed Duvessa
  5255 | D:4      | Noticed Dowan
  5510 | D:4      | Reached skill level 6 in Earth Magic
  5678 | D:5      | Entered Level 5 of the Dungeon
  5678 | D:5      | Noticed Sigmund
  5685 | D:5      | Killed Sigmund
  5728 | D:5      | Found a staircase to the Ecumenical Temple.
  5770 | Temple   | Entered the Ecumenical Temple
  5923 | Temple   | Became a worshipper of Warmaster Okawaru
  6060 | D:5      | Noticed Prince Ribbit
  6063 | D:5      | Noticed Eustachio
  6065 | D:5      | Killed Prince Ribbit
  6065 | D:5      | Reached XP level 8. HP: 31/56 MP: 7/13
  6224 | D:5      | Killed Eustachio
  6224 | D:5      | Reached * piety under Okawaru
  6224 | D:5      | Reached skill level 5 in Spellcasting
  6224 | D:5      | Reached skill level 7 in Earth Magic
  8063 | D:6      | Reached XP level 9. HP: 39/61 MP: 16/16
  8073 | D:6      | Reached skill level 8 in Earth Magic
  8421 | D:6      | Noticed Blork the orc
  8429 | D:6      | Killed Blork the orc
  8562 | D:7      | Noticed Harold
  8582 | D:7      | Mangled by Harold

Vault maps used:
D:1:      nicolae_arrival_somewhat_less_tricky_arrival
D:2:      uniq_jessica
D:3:      chequers_ecumenical_altar_simple, uniq_terence,
          uniq_crazy_yiuf_cottage
D:4:      first_ration, uniq_duvessa
D:5:      minmay_temple_entry_butterflies, serial_curves, eino_curves_02,
          eino_curves_03, eino_curves_01, uniq_sigmund, uniq_prince_ribbit1,
          uniq_eustachio
D:6:      uniq_blork_the_orc
D:7:      uniq_harold, uniq_menkaure
Temple:   eino_temple_scatter_basement

Skill      XL: |  1  2  3  4  5  6  7  8  9 |
---------------+----------------------------+-----
Earth Magic    | 4 5 6 7 8 |  8.3
Armour         | 1 2 3 4 |  4.4
Fighting       | 1 2 |  2.2
Spellcasting   | 3 4 6 |  6.6
Conjurations   | 1 2 3 |  3.6
Maces & Flails | |  0.9
Staves         | |  0.9
Dodging        | |  1.7
Stealth        | |  2.4
Transmutations | |  1.1

Action                   |  1- 3 |  4- 6 |  7- 9 || total
-------------------------+-------+-------+-------++-------
Melee: Club              |    89 |    89 |       ||   178
       Quarterstaff      |       |    82 |   107 ||   189
 Cast: Sandblast         |    16 |    87 |    50 ||   153
       Stone Arrow       |       |     1 |     1 ||     2
Evoke: Wand              |       |     2 |     1 ||     3
  Use: Scroll            |       |     7 |     2 ||     9
       Potion            |       |     3 |     1 ||     4
 Stab: Sleeping          |     1 |     1 |     1 ||     3
       Paralysed         |       |       |     2 ||     2
       Petrified         |       |       |     2 ||     2
  Eat: Chunk             |     3 |    11 |    11 ||    25
Armor: Leather armour    |    53 |     1 |       ||    54
       Robe              |       |    69 |    34 ||   103
       Skin              |       |     3 |     1 ||     4
Dodge: Dodged            |    86 |   212 |    78 ||   376

Table legend:
 A = Non-vault XP
 B = Vault XP
 C = Vault XP percentage of total XP
 D = Non-vault monster count
 E = Vault monster count
 F = Vault count percentage of total count
                 A         B        C        D         E       F
            +---------+---------+-------+---------+---------+-------
      Total |    1515 |     886 |  36.9 |     123 |       7 |   5.4
            +---------+---------+-------+---------+---------+-------
        D:1 |      54 |       0 |   0.0 |      29 |       0 |   0.0
        D:2 |      83 |      37 |  30.8 |      27 |       1 |   3.6
        D:3 |      75 |      71 |  48.6 |      25 |       2 |   7.4
        D:4 |     310 |       0 |   0.0 |      14 |       0 |   0.0
        D:5 |     359 |     684 |  65.6 |      15 |       3 |  16.7
        D:6 |     634 |      94 |  12.9 |      13 |       1 |   7.1
            +---------+---------+-------+---------+---------+-------
